 Dungeon Crawl Stone Soup version 0.29.1-2-gbd0b4ee654 (webtiles) character file.

Game seed: 1839302754472476814

65 Linkola the Conjurer (level 3, -2/19 HPs)
             Began as a Deep Elf Conjurer on Oct 25, 2022.
             Killed by divine providence
             ... invoked by an orc priest
              (9 damage)
             ... on level 2 of the Dungeon.
             The game lasted 00:06:01 (1689 turns).

Linkola the Conjurer (Deep Elf Conjurer)            Turns: 1689, Time: 00:06:02

Health: -2/19      AC:  2    Str:  1    XL:     3   Next: 94%
Magic:  0/10       EV: 12    Int: 24    God:
Gold:   102        SH:  0    Dex: 13    Spells: 7/10 levels left

rFire   . . .      SeeInvis .   i - +7 hand axe "Killer Klown's Regret" {vorpal, Fly rF+ rC+ Str-3}
rCold   + + .      Faith    .   (no shield)
rNeg    . . .      Spirit   .   a - +0 robe
rPois   .          Reflect  .   (no helmet)
rElec   .          Harm     .   (no cloak)
rCorr   .          Rampage  .   (no gloves)
Will    .....                   (no boots)
Stlth   ++........              (no amulet)
HPRegen 0.06/turn               c - ring of ice
MPRegen 0.12/turn               (no ring)

@: flying
A: no striking features
a: no special abilities


You were on level 2 of the Dungeon.
You visited 1 branch of the dungeon, and saw 2 of its levels.

You collected 102 gold pieces.

Inventory:

Hand Weapons
 i - the +7 hand axe "Killer Klown's Regret" (weapon) {vorpal, Fly rF+ rC+ Str-3}
   (You found it on level 2 of the Dungeon)

   It inflicts extra damage upon your enemies.
   Str:       It affects your strength (-3).
   rF:        It protects you from fire.
   rC:        It protects you from cold.
   Fly:       It grants you flight.
Armour
 a - a +0 robe (worn)
Jewellery
 c - a ring of ice (left hand)
Scrolls
 e - a scroll of immolation {unknown}
 f - a scroll of identify {unknown}
 h - a scroll of magic mapping {unknown}
Potions
 b - a potion of cancellation {unknown}
 d - a potion of curing {unknown}
 g - a potion of heal wounds {unknown}


   Skills:
 + Level 2.6 Dodging
 + Level 2.7 Stealth
 + Level 4.3 Spellcasting
 + Level 5.3 Conjurations


You had 7 spell levels left.
You knew the following spells:

 Your Spells              Type           Power      Damage    Failure   Level
a - Magic Dart            Conj           100%       1d8       1%          1
b - Searing Ray           Conj           60%        2d6       1%          2

Your spell library contained the following spells:

 Spells                   Type           Power      Damage    Failure   Level
 Dazzling Flash           Conj/Hex       34%        N/A       10%         3
 Fulminant Prism          Conj/Hex       8%         3d7       32%         4
 Iskenderun's Mystic Bla  Conj/Tloc      17%        2d5       32%         4


Dungeon Overview and Level Annotations

Branches:
Dungeon (2/15)

Altars:

Shops:
D:1 [


Message History

The searing ray hits the orc!
You kill the orc!
The searing ray hits the orc but does no damage.
The searing ray hits the orc but does no damage.
You finish channelling your searing ray.
The orc hits you with a +0 hand axe. The orc hits you but does no damage.
The orc hits you with a +0 hand axe.
Casting: Searing Ray (safe; 1% risk of failure)
Confirm with . or Enter, or press ? or * to list all spells.
Aiming: Searing Ray (safe; 1% risk of failure)
Press: ? - help, Shift-Dir - straight line, f/p - orc
Aim: an orc, wielding a +0 hand axe and wearing a +0 chain mail (85% to hit)
The searing ray hits the orc but does no damage. (Press . to maintain the ray.)
The orc hits you with a +0 hand axe.
The searing ray hits the orc.
The orc is moderately wounded.
The orc hits you with a +0 hand axe.
The searing ray hits the orc.
The orc is heavily wounded.
The orc hits you with a +0 hand axe.
The searing ray hits the orc.
The orc is almost dead.
The searing ray hits the orc priest!
The orc priest is almost dead.
You finish channelling your searing ray.
The orc closely misses you. The orc hits you but does no damage.
Casting: Searing Ray (safe; 1% risk of failure)
Confirm with . or Enter, or press ? or * to list all spells.
You don't have enough magic to cast this spell.
Aiming: Magic Dart (safe; 1% risk of failure)
Press: ? - help, Q - select action, (/) - cycle Shift-Dir - straight line, f/p - orc
Aim: an orc, wielding a +0 hand axe and wearing a +0 chain mail (almost dead, 100% to hit)
The magic dart hits the orc.
You kill the orc!
The orc priest mumbles some strange prayers to Beogh against you.
Beogh smites you!
You die...

##.....#.## #.############.#
##...#### #.#.........##.#
##.## ##.#.........##.#
##.## ##....#######.##.#
#...#######.....# #####.##.#
#..........#....###........#
#...######..........###.####
##### ####.#.##### #.#
#@#.#######.# #)#.........#
#o#.........#
########.###########
#.o.....)# ..#####..# .#
#..# #.o.#####..#######
o..o.o!.#..#.....##


You could see an orc priest.

Vanquished Creatures
  An adder (D:2)
  3 dart slugs
  3 orcs (D:2)
  6 bats
  5 endoplasms
  5 goblins
  4 hobgoblins (D:1)
  2 jackals (D:2)
  A kobold (D:1)
  3 quokkas (D:1)
  6 ball pythons
  2 frilled lizards
  6 rats (D:1)
47 creatures vanquished.

Notes
Turn   | Place    | Note
-------+----------+-------------------------------------------
     0 | D:1      | Linkola the Deep Elf Conjurer began the quest for the Orb.
     0 | D:1      | Reached XP level 1. HP: 10/10 MP: 6/6
   125 | D:1      | Found Hawur's Antique Armour Boutique.
   223 | D:1      | Reached XP level 2. HP: 15/15 MP: 5/8
   259 | D:1      | Learned a level 2 spell: Searing Ray
   515 | D:1      | Reached skill level 5 in Conjurations
   811 | D:1      | Reached XP level 3. HP: 19/19 MP: 7/10
  1215 | D:2      | Found a faded altar of an unknown god.
  1366 | D:2      | Identified the +7 hand axe "Killer Klown's Regret" {vorpal,
                  | Fly rF+ rC+ Str-3}
  1689 | D:2      | Killed from afar by an orc priest

Illustrated notes

Levels and vault maps discovered:
D:1:      amcnicky_arrival_choice, layout_basic, serial_shops,
          nicolae_shop_stone, minmay_split_cup_small
D:2:      layout_loops_corners, nicolae_ecumenical_oubliette, uniq_jessica

Skill      XL: |  1  2  3 |
---------------+----------+-----
Conjurations   | 5 |  5.3
Spellcasting   | 4 |  4.3
Dodging        | |  2.6
Stealth        | |  2.7

Action                   || total
-------------------------++-------
Melee: Unarmed           ||     4
 Cast: Magic Dart        ||    79
       Searing Ray       ||     2
  Use: Potion            ||     1
       Scroll            ||     2
Armor: Robe              ||     3
Dodge: Dodged            ||     9
